 Dungeon Crawl Stone Soup version bcrawl-1.22 (webtiles) character file.

Game seed: 18088045508598633363

1474 Morbidden the Poker (level 8, -10/73 HPs)
             Began as a Naga Sloth Apostle on May 21, 2020.
             Was an Elder of Cheibriados.
             Mangled by a two-headed ogre
             ... wielding a +0 giant club
              (21 damage)
             ... on level 5 of the Dungeon.
             The game lasted 00:14:11 (7344 turns).

Morbidden the Poker (Naga Sloth Apostle)            Turns: 7344, Time: 00:14:12

Health: -10/73     AC:  8    Str: 26    XL:     8   Next: 78%
Magic:  10/18      EV:  5    Int: 29    God:    Cheibriados [****..]
Gold:   296        SH: 11    Dex: 22    Spells: 8/9 levels left

rFire    . . .     SeeInvis +   b - +9 hunting sling of Ucammuq {freeze, rElec MP+9 Int+7 Stlth-}
rCold    . . .     Gourm    .   c - +0 medium shield
rNeg     . . .     Faith    .   y - +0 chain mail
rPois    +         Spirit   .   (no helmet)
rElec    +         Reflect  .   v - +0 cloak (curse)
rCorr    +         Harm     .   (no gloves)
MR       ++...                  (no barding)
Stlth    ..........             (no amulet)
HPRegen  0.22/turn              g - ring of resist corrosion
MPRegen  0.16/turn              s - ring of protection from magic

@: very slow
A: large, see invisible, deformed body, poison resistance, slowness 2, slow
metabolism 1, spit poison 1, AC +2
a: Spit Poison, Bend Time, Temporal Distortion, Slouch, Renounce Religion


You were on level 5 of the Dungeon.
You worshipped Cheibriados.
Cheibriados was greatly pleased with you.
You were not hungry.

You visited 1 branch of the dungeon, and saw 5 of its levels.

You collected 296 gold pieces.

Inventory:

Hand Weapons
 a - a +1 trident
 b - the +9 hunting sling of Ucammuq (weapon) {freeze, rElec MP+9 Int+7 Stlth-}
   (You found it on level 4 of the Dungeon)

   It causes projectiles fired from it to freeze those they strike, causing
   extra injury to most foes and up to half again as much damage against
   particularly susceptible opponents.
   They can also slow down cold-blooded creatures.
   It affects your intelligence (+7).
   It insulates you from electricity.
   It affects your magic capacity (+9).
   It makes you less stealthy.
Missiles
 o - a throwing net {!f}
 A - 250 sling bullets (quivered)
Armour
 c - a +0 medium shield (worn)
 v - a cursed +0 cloak (worn)
 y - a +0 chain mail (worn)
Jewellery
 g - a ring of resist corrosion (left hand)
 s - a ring of protection from magic (right hand)
Wands
 d - a wand of paralysis (7)
 p - a wand of polymorph (15)
Scrolls
 f - 2 scrolls of identify
 h - a scroll of teleportation {unknown}
 k - a scroll of amnesia {unknown}
 m - a scroll of enchant armour {unknown}
 q - a scroll of enchant weapon
 t - a scroll of fog
 w - a scroll of remove curse {unknown}
Potions
 j - a potion of mutation {unknown}
 l - 4 potions of curing {unknown}
 n - a potion of brilliance {unknown}
 r - a potion of magic {unknown}
 u - 4 potions of flight {unknown}
 x - a potion of lignification {unknown}
 z - a potion of agility {unknown}
Comestibles
 e - 9 rations {!d}
 B - a chunk of flesh


   Skills:
 * Level 4.5 Fighting
 * Level 6.4 Polearms
 + Level 0.2 Slings
 + Level 3.2 Armour
 + Level 1.8 Dodging
 + Level 5.3 Stealth
 + Level 3.2 Shields
 + Level 1.0 Spellcasting
 * Level 3.6 Hexes
 * Level 1.4 Invocations
 + Level 1.1 Evocations


You had 8 spell levels left.
You knew the following spells:

 Your Spells              Type           Power        Failure   Level  Hunger
a - Slow                  Hex            ###.....     43%         1    ##.....

Your spell library contained the following spells:

 Spells                   Type           Power        Failure   Level  Hunger
 Magic Dart               Conj           #...         91%         1    ##.....
 Blink                    Tloc           N/A          97%         2    ###....
 Call Imp                 Summ           #.....       97%         2    ###....
 Conjure Flame            Conj/Fire      #.......     99%         3    ####...
 Mephitic Cloud           Conj/Pois/Air  #.......     99%         3    ####...
 Spider Form              Tmut/Pois      #..          99%         3    ####...


Dungeon Overview and Level Annotations

Branches:
Dungeon (5/12)
 Temple: D:4-7

Altars:
Fedhas
Kikubaaqudgha
Makhleb
Qazlal
Uskayaw
Vehumet


Innate Abilities, Weirdness & Mutations

You cannot wear boots.
Your serpentine skin is tough. (AC +2)
You have supernaturally acute eyesight. (SInv)
Armour fits poorly on your strangely shaped body.
Your system is resistant to poisons. (rPois)
You cover ground very slowly.
You have a slow metabolism.
You can spit poison.


Message History

The scroll dissolves into smoke.
It was a scroll of fog.
No path to travel!
You feel much better.
The two-headed ogre hits you with a +0 giant club! x2
No path to travel!
No path to travel!
You feel much better.
The centaur unwields a +0 shortbow.
The centaur hits you but does no damage.
The two-headed ogre hits you with a +0 giant club!!
The two-headed ogre hits you with a +0 giant club!
* * * LOW HITPOINT WARNING * * *
No path to travel!
You feel much better. You block the centaur's attack. x2
Unknown command.
Unknown command.
You fail to use your ability.
You block the centaur's attack.
The two-headed ogre hits you with a +0 giant club!!
* * * LOW HITPOINT WARNING * * *
The two-headed ogre hits you with a +0 giant club!!
You die...

#..# #### ########..###
... #......)....#
...#.......)...+
..########<.######
#####'##..####..###..##
.....§§O....#.........#
.....§cO§§..#.........#
#...§§@§§..#.........#
#...§§§§§..#.........#
#...§##.†.###..###.###
##...####'###..# ###
###...†?......#
#############


You could see a two-headed ogre, an ogre and a centaur.

Vanquished Creatures
  Grinder (D:4)
  2 sky beasts (D:4)
  2 ogres
  2 water moccasin zombies
  3 howler monkeys
  A bullfrog zombie (D:5)
  3 hounds
  4 orc priests (D:4)
  Crazy Yiuf (D:3)
  3 orc wizards (D:3)
  Ijyb (D:3)
  Natasha (D:3)
  2 iguanas (D:5)
  2 worker ants (D:4)
  A hound skeleton (D:5)
  A howler monkey skeleton (D:4)
  7 adders
  2 oozes (D:2)
  3 worms
  A dart slug (D:1)
  2 leopard geckos
  19 orcs
  2 ball pythons
  7 bats
  6 giant cockroaches
  4 goblins
  9 hobgoblins
  5 jackals
  5 quokkas
  3 frilled lizards
  12 kobolds
  5 rats
122 creatures vanquished.

Notes
Turn   | Place    | Note
-------+----------+-------------------------------------------
     0 | D:1      | Morbidden the Naga Sloth Apostle began the quest for the
                  | Orb.
     0 | D:1      | Reached XP level 1. HP: 19/19 MP: 2/2
   187 | D:1      | Reached skill level 5 in Stealth
   316 | D:1      | Reached XP level 2. HP: 18/26 MP: 3/3
   578 | D:1      | Reached * piety under Cheibriados
   765 | D:1      | Reached XP level 3. HP: 18/33 MP: 4/4
  1913 | D:2      | Found a radiant altar of Vehumet.
  1914 | D:2      | Found a hide-covered altar of Uskayaw.
  1914 | D:2      | Found a stormy altar of Qazlal.
  1915 | D:2      | Found an ancient bone altar of Kikubaaqudgha.
  1918 | D:2      | Found a blossoming altar of Fedhas.
  2093 | D:2      | Reached ** piety under Cheibriados
  2339 | D:2      | Reached XP level 4. HP: 40/40 MP: 5/5
  2490 | D:3      | Reached skill level 3 in Polearms
  2520 | D:3      | Reached skill level 1 in Armour
  2539 | D:3      | Reached skill level 1 in Dodging
  2551 | D:3      | Reached XP level 5. HP: 16/48 MP: 6/6
  2776 | D:3      | Noticed an ogre
  2782 | D:3      | Killed an ogre
  3047 | D:3      | Reached XP level 6. HP: 51/56 MP: 7/7
  3073 | D:3      | Reached *** piety under Cheibriados
  3445 | D:3      | Reached skill level 4 in Polearms
  3447 | D:3      | Noticed Natasha
  3456 | D:3      | Killed Natasha
  3762 | D:3      | Found a runed door.
  3829 | D:3      | Noticed Ijyb
  3838 | D:3      | Killed Ijyb
  3926 | D:3      | Noticed Crazy Yiuf
  3932 | D:3      | Killed Crazy Yiuf
  4041 | D:4      | Got a transparent hunting sling
  4091 | D:4      | Reached XP level 7. HP: 38/62 MP: 8/8
  4604 | D:4      | Reached **** piety under Cheibriados
  4706 | D:4      | Reached skill level 5 in Polearms
  5140 | D:4      | Reached XP level 8. HP: 72/72 MP: 9/9
  5620 | D:4      | Noticed Grinder
  5645 | D:4      | Killed Grinder
  5645 | D:4      | Reached skill level 6 in Polearms
  6381 | D:5      | Entered Level 5 of the Dungeon
  6399 | D:5      | Found a burning altar of Makhleb.
  6823 | D:3      | Identified the +9 hunting sling of Ucammuq {freeze, rElec
                  | MP+9 Int+7 Stlth-} (You found it on level 4 of the Dungeon)
  7015 | D:4      | Reached skill level 1 in Invocations
  7337 | D:5      | Noticed a two-headed ogre
  7344 | D:5      | Mangled by a two-headed ogre

Skill      XL: |  1  2  3  4  5  6  7  8 |
---------------+-------------------------+-----
Stealth        | 5 |  5.3
Polearms       | 3 4 5 6 |  6.4
Armour         | 1 2 3 |  3.2
Dodging        | 1 |  1.8
Fighting       | 3 4 |  4.5
Shields        | 2 3 |  3.2
Hexes          | 2 3 |  3.6
Invocations    | 1 |  1.4
Slings         | |  0.2
Spellcasting   | |  1.0
Evocations     | |  1.1

Action                   |  1- 3 |  4- 6 |  7- 9 || total
-------------------------+-------+-------+-------++-------
Melee: Spear             |   100 |   125 |   228 ||   453
       Trident           |       |       |    31 ||    31
 Fire: Hunting sling     |       |       |    11 ||    11
 Abil: Spit Poison       |    27 |    40 |    21 ||    88
Evoke: Wand              |       |     2 |     1 ||     3
  Use: Potion            |       |     1 |     3 ||     4
       Scroll            |       |       |     3 ||     3
 Stab: Sleeping          |     1 |       |       ||     1
       Paralysed         |       |     3 |       ||     3
  Eat: Chunk             |     4 |     5 |     4 ||    13
       Ration            |       |       |     1 ||     1
Armor: Robe              |     4 |       |       ||     4
       Ring mail         |    11 |    29 |       ||    40
       Chain mail        |       |       |   130 ||   130
Dodge: Dodged            |    26 |    28 |    36 ||    90
Block: Medium shield     |    34 |    55 |   154 ||   243
